 Dungeon Crawl Stone Soup version 0.29.1-2-gbd0b4ee654 (webtiles) character file.

Game seed: 3208038715462707908

58 GorkyZ the Chopper (level 4, -10/27 HPs)
             Began as a Gargoyle Gladiator on Nov 23, 2022.
             Killed from afar by an orc wizard (11 damage)
             ... with a puff of flame
             ... on level 3 of the Dungeon.
             The game lasted 00:03:56 (1665 turns).

GorkyZ the Chopper (Gargoyle Gladiator)             Turns: 1665, Time: 00:03:56

Health: -10/27     AC: 10    Str: 20    XL:     4   Next: 2%
Magic:  4/4        EV: 11    Int:  8    God:
Gold:   164        SH:  0    Dex: 11    Spells: 3/3 levels left

rFire   . . .      SeeInvis .   q - +3 quarterstaff (holy)
rCold   . . .      Faith    .   (shield currently unavailable)
rNeg    + . .      Spirit   .   k - +0 ring mail
rPois   ∞          Reflect  .   c - +0 helmet
rElec   +          Harm     .   (no cloak)
rCorr   .          Rampage  .   (no gloves)
Will    .....                   h - +0 pair of boots
Stlth   +.........              (no amulet)
HPRegen 0.09/turn               o - ring of flight
MPRegen 0.09/turn               (no ring)

@: flying
A: sickness immunity, AC +3, negative energy resistance 1, electricity
resistance, torment resistance 1, petrification resistance
a: no special abilities


You were on level 3 of the Dungeon.
You visited 1 branch of the dungeon, and saw 3 of its levels.

You collected 164 gold pieces.

Inventory:

Hand Weapons
 a - a +0 war axe
 q - a +3 quarterstaff of holy wrath (weapon)
Missiles
 d - 4 throwing nets (quivered)
 e - a javelin
Armour
 b - a +0 leather armour
 c - a +0 helmet (worn)
 h - a +0 pair of boots (worn)
 k - a +0 ring mail (worn)
Jewellery
 o - a ring of flight (left hand)
Wands
 r - a wand of mindburst (11)
Scrolls
 g - 7 scrolls of identify {unknown}
 l - 2 scrolls of teleportation {unknown}
 p - a scroll of noise {unknown}
Potions
 f - a potion of degeneration {unknown}
 i - a potion of brilliance {unknown}
 j - 4 potions of berserk rage {unknown}
 m - a potion of curing {unknown}
 n - a potion of heal wounds {unknown}


   Skills:
 + Level 2.7 Fighting
 + Level 3.0 Axes
 + Level 2.3 Throwing
 + Level 1.1 Armour
 + Level 2.7 Dodging
 + Level 1.0 Evocations


You had 3 spell levels left.
You didn't know any spells.
Your spell library was empty.

Dungeon Overview and Level Annotations

Branches:
Dungeon (3/15)

Altars:
The Shining One


Innate Abilities, Weirdness & Mutations

You are immune to sickness and miasma.
Your stone body is resilient. (AC +3)
You are immune to poison.
You resist negative energy. (rN+)
You are resistant to electric shocks. (rElec)
You are resistant to unholy torment.
You are immune to petrification.


Message History

You sock the orc!
You kill the orc!
You have reached level 4!
You feel stronger.
You hit something but do no damage. Something hits you.
You hit something. Something hits you but does no damage. Something hits you.
You miss something. Something hits you but does no damage.
You miss something. Something hits you but does no damage.
You miss something.
Something hits you but does no damage. x2
You closely miss something. Something hits you.
You hit something but do no damage.
You hear some strange, mumbled words.
A puff of flame appears from out of thin air!
The puff of flame hits you.
You closely miss something. Something hits you but does no damage.
You barely miss something.
Something hits you but does no damage. x2
You closely miss something. Something hits you but does no damage.
You miss something. Something hits you but does no damage.
You barely miss something.
Something hits you but does no damage. x2
You sock something! Something hits you but does no damage.
You hit something but do no damage.
You hear some strange, mumbled words.
A puff of flame appears from out of thin air!
The puff of flame hits you!
You barely miss something. Something hits you.
* * * LOW HITPOINT WARNING * * *
You hear some strange, mumbled words.
A magic dart appears from out of thin air!
The magic dart hits you.
* * * LOW HITPOINT WARNING * * *
You closely miss something.
You hear some strange, mumbled words.
A puff of flame appears from out of thin air!
The puff of flame hits you.
* * * LOW HITPOINT WARNING * * *
You barely miss something.
You hear some strange, mumbled words.
A puff of flame appears from out of thin air!
The puff of flame hits you!
You die...

..#
#.#.....#.#......##.#
..# #.######......#.##.#
..# ####.##
#####.......# ..#
#.....# #.#####.# ..#
#.##..# #.#####.# ..#
#####.....#
#####........
..#####.......#.#
....######.#.#
........#.......##.....#
#...#
.....>..#.#.....@{o....#
#.###
.......##.#.....##.....#
#.### ...######.##..#.#
....# #.... ...#
#.###...# #### #.###
...# #.<.....#
##########.# ...#
######.## #..........#
...# #.# ##.##.#.#####
#.####...#.#.#
#..[...#...#.#


You could see an orc.

Vanquished Creatures
  An iguana (D:2)
  A dart slug (D:3)
  An orc (D:3)
  3 ball pythons
  7 bats
  2 endoplasms (D:1)
  A giant cockroach (D:2)
  A goblin (D:2)
  A hobgoblin (D:2)
  A quokka (D:2)
  4 frilled lizards
  4 kobolds
  2 rats (D:1)
29 creatures vanquished.

Notes
Turn   | Place    | Note
-------+----------+-------------------------------------------
     0 | D:1      | GorkyZ the Gargoyle Gladiator began the quest for the Orb.
     0 | D:1      | Reached XP level 1. HP: 12/12 MP: 1/1
    71 | D:1      | Reached XP level 2. HP: 17/17 MP: 2/2
   631 | D:2      | Found a faded altar of an unknown god.
   705 | D:2      | Found a glowing golden altar of the Shining One.
   787 | D:2      | Reached skill level 3 in Axes
   787 | D:2      | Reached skill level 1 in Armour
   787 | D:2      | Reached skill level 1 in Evocations
   787 | D:2      | Reached XP level 3. HP: 3/22 MP: 3/3
  1649 | D:3      | Reached XP level 4. HP: 27/27 MP: 4/4
  1663 | D:3      | HP: 1/27 [something/magic dart (6)]
  1665 | D:3      | Killed from afar by an orc wizard

Illustrated notes

Levels and vault maps discovered:
D:1:      mrwooster_arrival_statue_3, layout_basic
D:2:      layout_rooms, nicolae_ecumenical_oubliette, basic_altar
D:3:      layout_loops_cross, serial_shops, nicolae_shop_stone

Skill      XL: |  1  2 |
---------------+-------+-----
Throwing       | 2 |  2.3
Axes           | 3 |  3.0
Armour         | 1 |  1.1
Evocations     | 1 |  1.0
Fighting       | |  2.7
Dodging        | |  2.7

Action                   |  1- 3 |  4- 6 || total
-------------------------+-------+-------++-------
Melee: War axe           |    51 |       ||    51
       Quarterstaff      |     5 |    17 ||    22
       Punch             |     1 |       ||     1
Armor: Leather armour    |    22 |       ||    22
       Ring mail         |     7 |    13 ||    20
Dodge: Dodged            |    44 |       ||    44
